 Dungeon Crawl Stone Soup version 0.16-a0-702-gf4f471d (webtiles) character file.

187 PolkaDot the Skirmisher (level 5, -2/42 HPs)
             Began as a Draconian Transmuter on Sept 20, 2014.
             Was an Initiate of Qazlal.
             Slain by Natasha (7 damage)
             ... on Level 3 of the Dungeon.
             The game lasted 00:06:21 (2122 turns).

PolkaDot the Skirmisher (Draconian Transmuter)      Turns: 2122, Time: 00:06:21

HP  -2/42        AC  5     Str 12      XL: 5   Next: 39%
MP   9/9         EV 12     Int 14      God: Qazlal [......]
Gold 89          SH  0     Dex 10      Spells:  3 memorised,  2 levels left

rFire  . . .     SeeInvis .       - Unarmed
rCold  . . .     Clarity  .     (armour unavailable)
rNeg   . . .     rCorr    .     (no shield)
rPois  .         rRot     .     (helmet restricted)
rElec  .         Spirit   .     (no cloak)
SustAb .         Warding  .     (no gloves)
rMut   .         Stasis   .     (no boots)
Gourm  .                        (no amulet)
MR     .....                    (no ring)
                                (no ring)

@: slowed, very slow, not resistant to hostile enchantments, very unstealthy
A: unfitting armour, talons 1, clumsy 1, frail 1, cold-blooded, AC +5
a: Renounce Religion


You were on level 3 of the Dungeon.
You worshipped Qazlal.
Qazlal was noncommittal.
You were hungry.

You visited 1 branch of the dungeon, and saw 3 of its levels.

You collected 89 gold pieces.

Inventory:

Missiles
 b - 57 arrows
Comestibles
 a - a bread ration
 c - a rotting chunk of bat flesh
 h - 2 meat rations
 i - 2 slices of pizza
 j - a beef jerky
Scrolls
 e - 2 scrolls of remove curse
 g - a scroll of immolation {unknown}
 m - 2 scrolls of identify
 n - a scroll of fear {unknown}
 o - a scroll of fog {unknown}
 q - a scroll of enchant armour {unknown}
Jewellery
 k - an uncursed ring of protection from cold {unknown}
Books
 d - a book of Changes

   Spells                             Type                      Level
   *Beastly Appendage                 Transmutation                1
   *Sticks to Snakes                  Transmutation                2
   *Spider Form                       Transmutation/Poison         3
   Ice Form                           Ice/Transmutation            4
   Blade Hands                        Transmutation                5


   Skills:
 * Level 4.9 Fighting
 - Level 1.7 Dodging
 + Level 4.2 Unarmed Combat
 - Level 2.0 Spellcasting
 - Level 2.0 Transmutations


You had 2 spell levels left.
You knew the following spells:

 Your Spells              Type           Power        Failure   Level  Hunger
a - Beastly Appendage     Trmt           #.....       12%         1    ##.....
b - Spider Form           Trmt/Pois      #.........   47%         3    ####...
s - Sticks to Snakes      Trmt           #.........   17%         2    ###....


Dungeon Overview and Level Annotations

Branches:
Dungeon (3/15)

Altars:
Qazlal

Annotations:
D:3 Natasha


Innate Abilities, Weirdness & Mutations

Your plain brown scales are hard (AC +5).
Your body does not fit into most forms of armour.
Your cold-blooded metabolism reacts poorly to cold.
You have sharp toenails.
You are clumsy. (Dex -2)
You are frail (-10% HP).


Message History

* * * LOW HITPOINT WARNING * * *
The crimson imp blinks!
The crimson imp hits you.
* * * LOW HITPOINT WARNING * * *
Natasha closely misses you.
You hit Natasha but do no damage. Your kick misses Natasha.
Natasha is moderately wounded.
Natasha mewls in sadness.
Natasha casts a spell at you.
You feel as though you will be slow longer.
Natasha claws you.
* * * LOW HITPOINT WARNING * * *
Drink which item? (? for menu, Esc to quit)
You feel better.
The crimson imp blinks!
Natasha claws you!
* * * LOW HITPOINT WARNING * * *
Natasha claws you but does no damage.
The crimson imp grinds its teeth.
Natasha mumbles some strange words.
The crimson imp disappears in a puff of smoke!
Natasha claws you!
You die...

# .... ## ........# .## .........
..######### ....... .
...#......###########.....#...
...#..>...##)5.h............
...#......##.###@###....(.# #
..........##.###.###.##.#.#.....
.............ยง........).........
.###......##.#.......##.#......#
## #..)...##.###.##.........?.. #
#......##.###.###.##..#...##
#####...)..##.# #.....# <.#
..#####.###...#.##..##.## .#
..........................


You could see Natasha and a white imp.

Vanquished Creatures
  Sigmund (D:2)
  Natasha (D:3)
  2 adders (D:2)
  A gnoll (D:1)
  2 giant mites
  A worm (D:2)
  2 giant geckos
  An ooze (D:1)
  An orc (D:3)
  A ball python (D:2)
  2 giant cockroaches
  6 hobgoblins
  2 quokkas
  7 bats
  6 goblins
  4 kobolds
  4 rats
  2 plants (D:1)
46 creatures vanquished.

Notes
Turn   | Place    | Note
--------------------------------------------------------------
     0 | D:1      | PolkaDot, the Draconian Transmuter, began the quest for the Orb.
     0 | D:1      | Reached XP level 1. HP: 16/16 MP: 3/3
   291 | D:1      | Reached XP level 2. HP: 11/25 MP: 2/4
   837 | D:1      | Reached XP level 3. HP: 30/30 MP: 4/6
  1088 | D:2      | Noticed Sigmund
  1103 | D:2      | Killed Sigmund
  1103 | D:2      | Reached skill level 4 in Fighting
  1103 | D:2      | Reached XP level 4. HP: 33/40 MP: 5/7
  1114 | D:2      | Learned a level 3 spell: Spider Form
  1117 | D:2      | Learned a level 2 spell: Sticks to Snakes
  1515 | D:2      | Reached XP level 5. HP: 41/47 MP: 7/9
  1735 | D:2      | Found a stormy altar of Qazlal.
  1750 | D:2      | Became a worshipper of Qazlal Stormbringer
  1973 | D:3      | Noticed Natasha
  2002 | D:3      | Killed Natasha
  2005 | D:3      | Gained mutation: You have sharp toenails. [potion of mutation]
  2005 | D:3      | Gained mutation: You are frail (-10% HP). [potion of mutation]
  2005 | D:3      | Gained mutation: You are clumsy. (Dex -2) [potion of mutation]
  2073 | D:3      | Noticed Natasha
  2122 | D:3      | Slain by Natasha

Action                   |  1- 3 |  4- 6 || total
-------------------------+-------+-------++-------
Melee: Unarmed           |   185 |    97 ||   282
 Cast: Beastly Appendage |     7 |     6 ||    13
  Use: Potion            |     3 |     2 ||     5
       Scroll            |       |     2 ||     2
 Stab: Sleeping          |       |     1 ||     1
  Eat: Chunk             |     1 |     3 ||     4
